 Dungeon Crawl Stone Soup version 0.26.1-10-gdfb7c7de75 (webtiles) character file.

Game seed: 557495668958608769

114 phalm the Shield-Bearer (level 4, -1/29 HPs)
             Began as a Gargoyle Fighter on Mar 31, 2021.
             Was an Initiate of Okawaru.
             Slain by an ogre
             ... wielding a +0 giant spiked club
              (10 damage)
             ... on level 4 of the Dungeon.
             The game lasted 00:03:54 (3121 turns).

phalm the Shield-Bearer (Gargoyle Fighter)          Turns: 3121, Time: 00:03:54

Health: -1/29      AC: 12    Str: 21    XL:     4   Next: 98%
Magic:  13/13      EV:  9    Int:  8    God:    Okawaru [......]
Gold:   115        SH:  4    Dex:  9    Spells: 3/3 levels left

rFire    . . .     SeeInvis .   e - +0 whip
rCold    + . .     Faith    .   o - +0 buckler
rNeg     + . .     Spirit   .   b - +0 scale mail
rPois    ∞         Reflect  .   (no helmet)
rElec    +         Harm     .   (no cloak)
rCorr    .         Rampage  .   h - +1 pair of gloves
Will     .....                  (no boots)
Stlth    ..........             (no amulet)
HPRegen  0.09/turn              j - ring of magical power
MPRegen  0.13/turn              r - ring of protection from cold

@: no status effects
A: negative energy resistance 1, electricity resistance, unbreathing,
petrification resistance, miasma immunity, AC +3
a: Renounce Religion


You were on level 4 of the Dungeon.
You worshipped Okawaru.
Okawaru was noncommittal.
You visited 1 branch of the dungeon, and saw 4 of its levels.

You collected 115 gold pieces.

Inventory:

Hand Weapons
 e - a +0 whip (weapon)
Armour
 b - a +0 scale mail (worn)
 c - a +0 kite shield
 h - a +1 pair of gloves (worn)
 o - a +0 buckler (worn)
Jewellery
 j - a ring of magical power (left hand)
 r - a ring of protection from cold (right hand)
Scrolls
 f - a scroll of amnesia {unknown}
 g - 6 scrolls of identify {unknown}
 i - 5 scrolls of remove curse {unknown}
 k - a scroll of enchant weapon {unknown}
 l - 4 scrolls of teleportation {unknown}
 n - a scroll of random uselessness {unknown}
Potions
 a - 3 potions of curing {unknown}
 d - a potion of might
 m - 2 potions of magic {unknown}
 p - a potion of degeneration {unknown}
 q - a potion of brilliance {unknown}
 s - a potion of flight {unknown}
 t - a potion of lignification {unknown}


   Skills:
 + Level 3.8 Fighting
 * Level 3.2 Maces & Flails
 + Level 3.8 Armour
 * Level 4.4 Shields


You had 3 spell levels left.
You didn't know any spells.
Your spell library was empty.

Dungeon Overview and Level Annotations

Branches:
Dungeon (4/15)
 Temple: D:4-7

Altars:
Fedhas
Okawaru
Ru
Vehumet


Innate Abilities, Weirdness & Mutations

You are resistant to torment.
Your stone body is resilient. (AC +3)
You are immune to poison.
You resist negative energy. (rN+)
You are resistant to electric shocks. (rElec)
You can survive without breathing.
You are immune to petrification.
You are immune to miasma.


Message History

a +0 dagger; 4 stones
Things that are here:
a +0 spear; a cursed +0 chain mail
Things that are here:
a +0 dagger; a +0 leather armour; a +0 short sword
There is a stone staircase leading down here.
You climb downwards.
An ogre comes into view. It is wielding a +0 giant spiked club.
Found a scroll labelled CUTU LOELEANN.
There is a stone staircase leading up here.
You hit the ogre.
The ogre is lightly wounded.
The ogre hits you with a +0 giant spiked club!!
Ouch! That really hurt!
You are too injured to fight recklessly!
You are too injured to fight recklessly!
You are too injured to fight recklessly!
There is a stone staircase leading up here.
The ogre hits you with a +0 giant spiked club!
You die...

.#
.
##.
...
#.#
#.#
#.#
#@#
#O#
#.#
#.#
#.#
#.#
?..
#.#
...


You could see an ogre.

Vanquished Creatures
  4 adders
  5 dart slugs
  5 orcs (D:3)
  2 giant cockroaches
  4 hobgoblins
  4 jackals (D:3)
  10 kobolds
  2 ball pythons
  6 bats
  11 frilled lizards
  8 goblins
  5 rats
66 creatures vanquished.

Notes
Turn   | Place    | Note
-------+----------+-------------------------------------------
     0 | D:1      | phalm the Gargoyle Fighter began the quest for the Orb.
     0 | D:1      | Reached XP level 1. HP: 14/14 MP: 1/1
   299 | D:1      | Reached XP level 2. HP: 17/19 MP: 2/2
   484 | D:1      | Reached XP level 3. HP: 21/23 MP: 3/3
  1067 | D:2      | Found an iron altar of Okawaru.
  1077 | D:2      | Became a worshipper of Warmaster Okawaru
  1122 | D:2      | Found a blossoming altar of Fedhas.
  1421 | D:2      | Found a sacrificial altar of Ru.
  1508 | D:2      | Found a radiant altar of Vehumet.
  1799 | D:2      | Reached skill level 4 in Shields
  1885 | D:2      | Reached XP level 4. HP: 27/29 MP: 4/4
  3113 | D:4      | Noticed an ogre
  3121 | D:4      | Slain by an ogre

Illustrated notes

Levels and vault maps discovered:
D:1:      dpeg_arrival_houses_and_road, layout_loops_cross, st_stairs_5,
          serial_bayou_ford_a
D:2:      layout_basic, lemuel_coloured_pillars_altar, lemuel_round_altar,
          okawaru_ov_weapons_minmay, hangedman_ru_absence
D:3:      layout_basic
D:4:      layout_loops_ring, kennysheep_little_box, temple_pool_b, uniq_sigmund

Skill      XL: |  1  2  3  4 |
---------------+-------------+-----
Shields        | 4 |  4.4
Maces & Flails | 3 |  3.2
Fighting       | |  3.8
Armour         | |  3.8

Action                   |  1- 3 |  4- 6 || total
-------------------------+-------+-------++-------
Melee: Whip              |   153 |   162 ||   315
Armor: Scale mail        |    70 |    97 ||   167
Dodge: Dodged            |    43 |    73 ||   116
Block: Kite shield       |    63 |       ||    63
       Buckler           |     4 |    35 ||    39
